 Dungeon Crawl Stone Soup version 0.19.5 (webtiles) character file.

19 DenSaoPin the Sneak (level 2, -1/22 HPs)
             Began as a Naga Ice Elementalist on Mar 12, 2017.
             Slain by an adder (4 damage)
             ... on level 2 of the Dungeon.
             The game lasted 00:04:24 (1038 turns).

DenSaoPin the Sneak (Naga Ice Elementalist)         Turns: 1038, Time: 00:04:25

Health: -1/22      AC:  1    Str: 10    XL:     2   Next: 75%
Magic:  5/5        EV: 10    Int: 15    God:
Gold:   27         SH:  0    Dex: 11    Spells: 1 memorised, 4 levels left

rFire  . . .     SeeInvis +     l - +2 dagger (flame)
rCold  . . .     Gourm    .     a - +0 robe
rNeg   . . .     Faith    .     (no shield)
rPois  +         Spirit   .     (no helmet)
rElec  .         Reflect  .     (no cloak)
rCorr  .         Harm     .     (no gloves)
MR     .....                    (no barding)
Stlth  ++........               (no amulet)
                                (no ring)
                                (no ring)

@: very slow
A: see invisible, deformed body, poison resistance, slowness 2, slow metabolism
1, spit poison 1, AC +0
a: Spit Poison


You were on level 2 of the Dungeon.
You were not hungry.

You visited 1 branch of the dungeon, and saw 2 of its levels.

You collected 27 gold pieces.

Inventory:

Hand Weapons
 e - a +0 dagger
 l - a +2 dagger of flaming (weapon)
Armour
 a - a +0 robe (worn)
Scrolls
 h - a scroll of enchant weapon {unknown}
 i - a scroll of teleportation {unknown}
 j - a scroll of identify {unknown}
 k - a scroll of recharging {unknown}
Potions
 d - a potion of heal wounds {unknown}
 f - a potion of flight {unknown}
 g - a potion of agility {unknown}
Books
 b - a book of Frost

   Spells                             Type                      Level
   a - Freeze                         Ice                          1
   b - Throw Frost                    Conjuration/Ice              2
   c - Ozocubu's Armour               Charms/Ice                   3
   d - Throw Icicle                   Conjuration/Ice              4
   e - Summon Ice Beast               Ice/Summoning                4
Comestibles
 c - 2 bread rations


   Skills:
 + Level 1.3 Short Blades
 - Level 1.5 Dodging
 + Level 4.2 Stealth
 - Level 2.0 Spellcasting
   Level 1.0 Conjurations
 - Level 3.0 Ice Magic


You had 4 spell levels left.
You knew the following spells:

 Your Spells              Type           Power        Failure   Level  Hunger
a - Freeze                Ice            ##..         8%          1    #......


Dungeon Overview and Level Annotations

Branches:
Dungeon (2/15)

Altars:


Innate Abilities, Weirdness & Mutations

You cannot wear boots.
Your serpentine skin is tough. (AC +0)
You have supernaturally acute eyesight. (SInv)
Armour fits poorly on your strangely shaped body.
Your system is resistant to poisons. (rPois)
You cover ground very slowly.
You have a slow metabolism.
You can spit poison.


Message History

The adder closely misses you. The adder barely misses you. The adder bites you.
You see here a glowing red potion.
You hit the adder. You burn the adder.
The adder is heavily wounded.
The adder closely misses you.
You hit the adder. You burn the adder.
The adder is almost dead.
The adder barely misses you.
You miss the adder.
The adder is almost dead.
The adder bites you. The adder closely misses you.
You closely miss the adder.
The adder is almost dead.
The adder bites you.
* * * LOW HITPOINT WARNING * * *
The adder closely misses you.
You see here 8 gold pieces.
The adder bites you.
You die...

# ###### # #..... ##### #
#..... #...####### #.....
#.#.......#
##.....###########.#######.#
.........gS@..........>###..
##......#######.............
#......# #..........###
#......# #........#.#⌠#
#..!...# #........#.###
######.# #........#.... #.#
###......#.##. #.#
#......#.... #....†.###..


You could see an adder and a hobgoblin.

Vanquished Creatures
  An ooze (D:2)
  A leopard gecko (D:2)
  2 bats
  3 goblins (D:1)
  A ball python (D:1)
  2 kobolds (D:1)
  4 rats (D:1)
14 creatures vanquished.

Notes
Turn   | Place    | Note
-------+----------+-------------------------------------------
     0 | D:1      | DenSaoPin the Naga Ice Elementalist began the quest for the Orb.
     0 | D:1      | Reached XP level 1. HP: 15/15 MP: 3/3
   455 | D:1      | Reached skill level 1 in Short Blades
   455 | D:1      | Reached XP level 2. HP: 17/22 MP: 5/5
   915 | D:2      | Reached skill level 4 in Stealth
  1038 | D:2      | Slain by an adder

Skill      XL: |  1  2 |
---------------+-------+-----
Short Blades   | 1 |  1.3
Stealth        | 4 |  4.2
Dodging        | |  1.5
Spellcasting   | |  2.0
Conjurations   | |  1.0
Ice Magic      | |  3.0

Action                   || total
-------------------------++-------
Melee: Dagger            ||    33
       Unarmed           ||     6
 Cast: Freeze            ||     5
 Stab: Sleeping          ||     1
Armor: Robe              ||     5
Dodge: Dodged            ||    30
